 Dungeon Crawl Stone Soup version 0.20.0-4-g10b340a (webtiles) character file.

429 Rrauwl the Skirmisher (level 7, -3/60 HPs)
             Began as a Human Artificer on May 28, 2017.
             Killed from afar by an orc wizard (5 damage)
             ... with a magic dart
             ... on level 4 of the Dungeon.
             The game lasted 00:12:40 (4469 turns).

Rrauwl the Skirmisher (Human Artificer)             Turns: 4469, Time: 00:12:41

Health: -3/60      AC:  3    Str: 15    XL:     7   Next: 19%
Magic:  9/9        EV: 12    Int: 11    God:
Gold:   115        SH:  0    Dex: 13    Spells: 6/6 levels left

rFire    . . .     SeeInvis .   a - +0 short sword
rCold    . . .     Gourm    .   (no shield)
rNeg     . . .     Faith    .   b - +0 leather armour
rPois    .         Spirit   .   (no helmet)
rElec    .         Reflect  .   (no cloak)
rCorr    .         Harm     .   (no gloves)
MR       .....                  (no boots)
Stlth    +.........             (no amulet)
Regen    0.2/turn               (no ring)
MPRegen  0.2/turn               (no ring)

@: confused, flying
A: no striking features
a: no special abilities


You were on level 4 of the Dungeon.
You were hungry.

You visited 1 branch of the dungeon, and saw 4 of its levels.

You collected 115 gold pieces.

Inventory:

Hand Weapons
 a - a +0 short sword (weapon)
Armour
 b - a +0 leather armour (worn)
Wands
 c - a wand of flame (0/48)
 d - a wand of enslavement (15/24)
 e - a wand of random effects (0/48)
 m - a wand of polymorph (13/24)
 p - a wand of acid (0/15)
Scrolls
 h - a scroll of identify
 t - a scroll of recharging
Comestibles
 f - 4 bread rations
 g - a meat ration
 j - 3 fruits


   Skills:
 + Level 7.0 Fighting
 - Level 1.0 Short Blades
 - Level 2.0 Dodging
 - Level 1.0 Stealth
 - Level 3.0 Evocations


You had 6 spell levels left.
You didn't know any spells.

Dungeon Overview and Level Annotations

Branches:
Dungeon (4/15)
 Temple: D:4-7

Altars:
Zin


Message History

The sling bullet hits you but does no damage.
You hear some strange, mumbled words.
Something tries to affect you, but you resist.
The orc barely misses you.
You miss the orc. Something hits you.
* * * LOW HITPOINT WARNING * * *
The goblin shoots a sling bullet.
The sling bullet hits you!
* * * LOW HITPOINT WARNING * * *
The orc misses you. Something hits you.
* * * LOW HITPOINT WARNING * * *
Unknown command.
The orc hits you with a club.
* * * LOW HITPOINT WARNING * * *
You see here a ball python corpse.
You aren't carrying any potions.
You hear some strange, mumbled words.
Something tries to affect you, but you resist.
A magic dart appears from out of thin air!
The magic dart hits you!
You die...

.. #.........#....
#.........#....
#..?......#....
#.........#.... ....
#.......(.#.... ....
#.........#.... .....
#########.........#'### .....
#...(o...#####'##.....#
......#..g.†@#...#....'.....'
.....)#......#...#....#.....#
......'.....(#...#...?#.....#
......#..(...#...###..#.....#
......#.....##...# #..##.....
......'.!...#..... #...#.....
......#.....#......#...#.....
#######.....# #...#.....
#.....# #####.....


You could see an orc and a goblin.

Vanquished Creatures
  An ogre (D:4)
  A howler monkey (D:4)
  An orc priest (D:4)
  A centaur skeleton (D:4)
  An orc wizard (D:4)
  2 worker ants
  Terence (D:3)
  7 adders
  3 worms
  A dart slug (D:1)
  4 leopard geckos
  6 orcs
  4 ball pythons
  13 bats
  4 giant cockroaches
  6 goblins
  6 hobgoblins
  A quokka (D:3)
  3 frilled lizards
  8 kobolds
  9 rats
83 creatures vanquished.

Notes
Turn   | Place    | Note
-------+----------+-------------------------------------------
     0 | D:1      | Rrauwl the Human Artificer began the quest for the Orb.
     0 | D:1      | Reached XP level 1. HP: 15/15 MP: 3/3
    73 | D:1      | Reached skill level 2 in Fighting
    73 | D:1      | Reached XP level 2. HP: 15/22 MP: 4/4
   524 | D:1      | Reached XP level 3. HP: 25/28 MP: 5/5
   601 | D:1      | You fall through a shaft!
   604 | D:2      | Reached skill level 3 in Fighting
  1165 | D:2      | Reached XP level 4. HP: 35/35 MP: 6/6
  1802 | D:2      | Reached skill level 4 in Fighting
  2216 | D:3      | Reached XP level 5. HP: 28/43 MP: 7/7
  2495 | D:3      | Noticed Terence
  2511 | D:3      | Killed Terence
  2827 | D:3      | Reached skill level 5 in Fighting
  3251 | D:3      | Found a glowing silver altar of Zin.
  3319 | D:4      | Reached XP level 6. HP: 20/51 MP: 8/8
  3345 | D:4      | Reached skill level 6 in Fighting
  4097 | D:4      | Noticed an ogre
  4242 | D:4      | Killed an ogre
  4242 | D:4      | Reached XP level 7. HP: 54/59 MP: 9/9
  4451 | D:4      | Reached skill level 7 in Fighting
  4466 | D:4      | HP: 3/60 [something (1)]
  4467 | D:4      | HP: 1/60 [orc/club (2)]
  4469 | D:4      | Killed from afar by an orc wizard

Skill      XL: |  1  2  3  4  5  6  7 |
---------------+----------------------+-----
Fighting       | 2 3 4 5 6 7 |  7.0
Short Blades   | |  1.0
Dodging        | |  2.0
Stealth        | |  1.0
Evocations     | |  3.0

Action                   |  1- 3 |  4- 6 |  7- 9 || total
-------------------------+-------+-------+-------++-------
Melee: Short sword       |   121 |   230 |    20 ||   371
Evoke: Wand              |     4 |    45 |     3 ||    52
  Use: Scroll            |       |     6 |       ||     6
       Potion            |       |     4 |     1 ||     5
 Stab: Sleeping          |     2 |     2 |       ||     4
  Eat: Chunk             |     1 |     5 |       ||     6
       Fruit             |       |     6 |       ||     6
Armor: Leather armour    |    31 |    69 |     9 ||   109
Dodge: Dodged            |    71 |   167 |    17 ||   255
